[Event "Sitges Sunway op 4th"]
[Site "Sitges"]
[Date "2017.12.23"]
[Round "9"]
[White "Bologan, Viktor"]
[Black "Dann, Matthias"]
[Result "0-1"]
[ECO "B52"]
[WhiteElo "2607"]
[BlackElo "2517"]
[Annotator "Besenthal,K"]
[PlyCount "72"]
[EventDate "2017.12.15"]
[EventType "swiss"]
[EventRounds "9"]
[EventCountry "ESP"]
[SourceTitle "EXT 2019"]
[Source "ChessBase"]
[SourceDate "2018.10.10"]
[SourceVersion "1"]
[SourceVersionDate "2018.10.10"]
[SourceQuality "1"]
[TimeControl "40/5400+30:1800+30"]

1. e4 c5 2. Nf3 d6 3. Bb5+ Bd7 4. c4 Nf6 5. Nc3 g6 6. d4 cxd4 7. Nxd4 Nc6 8. O-O Bg7 9. Bxc6 bxc6 10. c5 O-O 11. h3 Qc8 12. Nb3 d5 13.
e5 Ne4 14. Qd4 Nxc3 15. Qxc3 a5 16. Bf4 Qa6 17. Qd2 Qb5 18.
Rac1 Qb4 19. Rc3 Rfb8 20. a3 Qb7 21. Rb1 a4 22. Nd4 Qc8 23.
Re1 Be6 24. g4 Rb7 25. Bg3 Rab8 26. Rc2 h5 27. gxh5 Bf5 28. Nxf5 Qxf5 29. hxg6 fxg6 30. Re2 Qxh3 31. Qa5 Qg4 32. Qa6 Rb3 33. Qxc6 e6 34. Qa6 d4 {[%emt 0:00:32]
[#] Hier war Weiß wohl noch nicht verloren. Aber was soll er tun? Mit seinem
Freibauern vorstoßen oder doch lieber den Freibauern des Gegners stoppen?
Bologan versucht es mit Ersterem - das funktioniert jedoch nicht.} 35. c6 (35. Qc4 $1 {wäre ein probates Mittel gewesen, den Zug d4-d3
zu verhindern.}) 35... Rf8 $1 {[%emt 0:00:57] Stark gespielt. Neben d4-d3
steht plötzlich auch das Qualitätsopfer auf g3 im Raum. Und ein Fortzug des
Te2 aus der e-Linie ließe Lxe5 zu. Die Stellung ist mit einem Male unhaltbar
für Weiß.} 36. Qa5 ({Oder} 36. c7 Rxg3+ 37. fxg3 Qxg3+ 38. Rg2
Qe1+ 39. Kh2 Bxe5+ {mit durchschlagendem Angriff.}) 36... d3 0-1

[Event "EU-ch 12th"]
[Site "Aix les Bains"]
[Date "2011.04.02"]
[Round "11"]
[White "Csiba, Dominik"]
[Black "Brunner, Nicolas"]
[Result "0-1"]
[ECO "B52"]
[WhiteElo "2379"]
[BlackElo "2478"]
[Annotator "Brunner,N"]
[PlyCount "72"]
[EventDate "2011.03.22"]
[EventType "swiss"]
[EventRounds "11"]
[EventCountry "FRA"]
[SourceTitle "CBM 142 Extra"]
[Source "ChessBase"]
[SourceDate "2011.06.27"]
[SourceVersion "1"]
[SourceVersionDate "2011.06.27"]
[SourceQuality "1"]
[TimeControl "40/5400+30:1800+30"]

1. e4 c5 2. Nf3 d6 3. Bb5+ Bd7 4. Bxd7+ Qxd7 5. O-O Nf6 6. e5 dxe5 7. Nxe5 Qc8
8. Qf3 e6 9. Nc3 (9. b3 Be7 10. Bb2 O-O 11. d3 Nfd7 12. Nxd7 Qxd7 13. Qg4 g6
14. Nd2 Nc6 15. Nf3 Qd5 16. Rad1 Rad8 17. c4 Qf5 18. Qxf5 gxf5 {Papp,G (2551)
-Hracek,Z (2627) EU-ch 13th Plovdiv 2012 (9) 0-1} (18... exf5 19. Rfe1 Rfe8 20.
Re3 Bf8 $11 {Arsovic})) 9... Be7 10. d3 O-O 11. Bf4 Nfd7 12. Qg3 Nc6 13. Nxc6
Qxc6 14. Ne4 {67} f5 {71} ({RR} 14... Kh8 15. Rfe1 Rad8 16. Bc7 Rde8 17. Nd6
Ra8 18. Nc4 Rac8 19. Bf4 Rfe8 20. Re4 b5 21. Ne5 Nxe5 22. Bxe5 f6 23. Bc3 b4
24. Rh4 bxc3 25. Qg6 h6 26. Rxh6+ gxh6 27. Qxh6+ Kg8 28. Qg6+ Kf8 29. Qh6+ {
Finegold,B (2494)-Robson,R (2545)/Saint Louis 2011/Mega2011 Update 22/1/2-1/2})
15. Nd6 $146 {57} ({RR} 15. Nd2 Rf6 16. Rfe1 g5 17. h4 Rg6 18. hxg5 h6 19. Nf3
hxg5 20. Be5 g4 21. Qh2 Bf6 22. Bxf6 gxf3 23. Qh8+ Kf7 24. Qxa8 Rxg2+ 25. Kh1
Nxf6 26. Rg1 Ng4 {0-1 Chan We Xuan,T (2344)-Nguyen Huynh Minh,H (2500)/Ho Chi
Minh City 2009/CBM 133 Extra}) 15... Rf6 16. Nc4 {57} Rg6 17. Qh3 Bf6 18. Rae1
Qd5 19. a4 Bd4 20. g3 Nb6 21. b3 Nxc4 22. bxc4 Qd7 23. Qg2 Re8 24. Be5 b6 25.
Bxd4 cxd4 26. a5 bxa5 27. Ra1 Qc7 28. Rfb1 Rb8 29. Rxb8+ Qxb8 30. Qc6 h5 31.
Rxa5 Qb1+ 32. Kg2 h4 33. Qa8+ $2 (33. Rxf5 $1 )
33... Kh7 34. Rxa7 h3+ 35. Kf3 Qd1+ 36. Kf4 Qe2 0-1

[Event "Khanty-Mansiysk FIDE GP (Women)"]
[Site "Khanty-Mansiysk"]
[Date "2014.04.11"]
[Round "3"]
[White "Muzychuk, Anna"]
[Black "Lagno, Kateryna"]
[Result "1/2-1/2"]
[ECO "B52"]
[WhiteElo "2560"]
[BlackElo "2543"]
[Annotator "ChessBase Website"]
[PlyCount "64"]
[EventDate "2014.04.09"]
[EventType "tourn"]
[EventRounds "11"]
[EventCountry "RUS"]
[EventCategory "10"]
[SourceTitle "CBM 160"]
[Source "ChessBase"]
[SourceDate "2014.05.15"]
[SourceVersion "1"]
[SourceVersionDate "2014.05.15"]
[SourceQuality "1"]
[TimeControl "40/5400+30:1800+30"]
[WhiteClock "1:30:00"]
[BlackClock "1:30:00"]

1. e4 c5 2. Nf3 d6 3. Bb5+ Bd7 4. Bxd7+ Qxd7 5. O-O Nf6 6. e5 dxe5 7. Nxe5 Qc8 8. Qf3 (8. Re1 Nc6 9. Nc4 e6 10. a4 Be7 11. Ra3 Qc7 12.
Rg3 g6 13. Nc3 a6 14. d3 Nd4 15. a5 Rd8 16. Rh3 O-O 17. Bh6 Rfe8 18. Qd2 Nd5
19. Kh1 Bf6 20. Ne3 Nxe3 21. fxe3 Nf5 22. Ne4 Qe7 23. Rf1 Bh4 24. Rf4 Nxh6 25.
Rfxh4 f5 26. Nxc5 Qxc5 27. Rxh6 Rd7 28. Rf3 Rc8 29. Rf2 Qe5 30. d4 Qe4 31. Kg1
e5 32. c3 Rc5 33. Rh3 Rxa5 34. Qd1 Rad5 35. Rhf3 b5 36. Qa1 R5d6 37. h3 h5 {
Rapport,R (2693)-Vachier Lagrave,M (2719) Biel 2013 1/2-1/2}) 8... e6 9. d3 Be7 10. Nc3 O-O 11. Bg5 Nd5 12. h4 Nc6 13. Nxd5 Bxg5 14. Nxc6 Qxc6 15. hxg5 Qxd5 $146 (15... exd5 16. Rae1 f6 17. gxf6 Rxf6 18. Qg3
Re6 19. Rxe6 Qxe6 20. Qc7 Qc6 21. Qxc6 bxc6 22. c4 Re8 23. cxd5 cxd5 24. Rc1
Rc8 25. Re1 a5 26. Re5 a4 27. Rxd5 Rb8 28. b3 axb3 29. axb3 Rxb3 30. Kf1 Rc3
31. Rd7 c4 32. dxc4 Rxc4 33. g3 h6 34. Kg2 Kh7 35. f4 h5 36. Kh3 Kh6 37. Rd6+
g6 38. Rb6 {1/2-1/2 (38) Rogos,J (2255)-Valutanu,M (2058) ICCF email 2009}) 16.
Qxd5 exd5 17. Rfe1 Rfe8 18. f4 Kf8 $11 {[%emt 0:10:02] Muzychuk's
experiment in the Sicilian gave Lagno no trouble at all. Black equalized
easily, traded off all the pieces and obtained a comfortable draw.} 19. Kf2 Rxe1 20. Rxe1 Re8 21. Rxe8+ Kxe8 22. c4 Ke7 23. Kf3 Ke6 24. Kg4 g6 25. Kf3 dxc4 26. dxc4 f6 27. Ke4 fxg5 28. fxg5 Kd6 29. Kf4 Ke6 30. Ke4 Kd6 31. Kf4 Ke6 32. Ke4 Kd6 1/2-1/2

[Event "Khanty-Mansiysk FIDE GP (Women)"]
[Site "Khanty-Mansiysk"]
[Date "2014.04.21"]
[Round "11"]
[White "Lagno, Kateryna"]
[Black "Ushenina, Anna"]
[Result "1-0"]
[ECO "B52"]
[WhiteElo "2543"]
[BlackElo "2501"]
[Annotator "ChessBase Website"]
[PlyCount "49"]
[EventDate "2014.04.09"]
[EventType "tourn"]
[EventRounds "11"]
[EventCountry "RUS"]
[EventCategory "10"]
[SourceTitle "CBM 160"]
[Source "ChessBase"]
[SourceDate "2014.05.15"]
[SourceVersion "1"]
[SourceVersionDate "2014.05.15"]
[SourceQuality "1"]
[TimeControl "40/5400+30:1800+30"]
[WhiteClock "1:30:00"]
[BlackClock "1:30:00"]

1. e4 c5 2. Nf3 d6 3. Bb5+ Bd7 4. Bxd7+ Qxd7 5. O-O Nf6 6. d4 (6. Qe2 Nc6 7. Rd1 Rc8 8. c3 e6 9. d4 cxd4 10. Nxd4 Be7 11. Nf3
Qc7 12. c4 a6 13. b3 Nxe4 14. Qxe4 Bf6 15. Nc3 Bxc3 16. Rb1 Bf6 17. Bb2 Bxb2
18. Rxb2 Rd8 19. Rbd2 h6 20. g4 Ne7 21. Qf4 O-O 22. Qg3 e5 23. Nh4 b5 24. cxb5
axb5 25. Nf5 Nxf5 26. gxf5 Qe7 27. Rd5 b4 28. Qg4 Qf6 29. Qxb4 Qxf5 30. Rxd6
Rxd6 31. Qxd6 Re8 32. Rd3 Re6 33. Qd8+ Kh7 34. Rg3 Qb1+ 35. Kg2 Qe4+ {Karjakin,
S (2759)-Dominguez Perez,L (2754) Wijk aan Zee 2014 1/2-1/2 (71)}) 6... cxd4 7. Qxd4 Nc6 8. Qd3 g6 9. c4 Bg7 10. Nc3 O-O 11. h3 Rac8 $146 (11... Qd8 12. Be3 Nd7 13. Rac1 Qa5 14. Qb1 Rac8 15. Rfd1 Rfe8
16. Nd2 Nb6 17. c5 Bxc3 18. Rxc3 Na4 19. Ra3 dxc5 20. b3 Nc3 21. Rxa5 Nxb1 22.
Rxc5 Nxd2 23. Rxd2 Red8 24. Rcd5 a6 25. Rd7 Rxd7 26. Rxd7 b5 27. g4 e6 28. Rb7
h5 29. Rb6 hxg4 30. hxg4 Nb4 31. a4 Nc2 32. axb5 axb5 33. Rxb5 Nxe3 34. fxe3
Rc2 35. Kf1 Kf8 36. b4 Rc4 37. Ke2 Rxe4 38. Kf3 Rc4 39. Rb7 g5 40. Rb5 Ke7 41.
Rxg5 {Shomoev,A (2587)-Dominguez Perez,L (2757) Loo 2014 1/2-1/2}) 12. Rb1 Qe6 13. b3 a6 14. Bb2 {[%emt 0:06:03] The Ukrainian duel seemed as if it was heading for a
long game as Lagno utilized a Maroczy type set-up against Ushenina's Sicilian.
However Black played far too passively and without any real plan, allowing
Lagno to crash through in the center and win in only 24 moves using relatively
simple moves.} Nd7 15. Rfe1 Nc5 16. Qe2 Rb8 17. Nd5 Bxb2 18. Rxb2 Qd7 19. e5 Qd8 20. Rd2 Kg7 21. Qe3 a5 22. exd6 exd6 23. Qc3+ f6 24. Rde2 Kg8 25. Re8 1-0

[Event "Khanty-Mansiysk FIDE GP (Women)"]
[Site "Khanty-Mansiysk"]
[Date "2014.04.20"]
[Round "10"]
[White "Muzychuk, Anna"]
[Black "Hou, Yifan"]
[Result "1/2-1/2"]
[ECO "B52"]
[WhiteElo "2560"]
[BlackElo "2618"]
[Annotator "ChessBase Website"]
[PlyCount "54"]
[EventDate "2014.04.09"]
[EventType "tourn"]
[EventRounds "11"]
[EventCountry "RUS"]
[EventCategory "10"]
[SourceTitle "CBM 160"]
[Source "ChessBase"]
[SourceDate "2014.05.15"]
[SourceVersion "1"]
[SourceVersionDate "2014.05.15"]
[SourceQuality "1"]
[TimeControl "40/5400+30:1800+30"]
[WhiteClock "1:30:00"]
[BlackClock "1:30:00"]

1. e4 c5 2. Nf3 d6 3. Bb5+ Bd7 4. Bxd7+ Qxd7 5. c4 Nf6 6. Nc3 g6 7. O-O Bg7 8. d4 cxd4 9. Nxd4 O-O 10. f3 (10. b3 Nc6 11. Bb2 a6 12. Nd5 Nxd5 13.
exd5 Nxd4 14. Bxd4 Bxd4 15. Qxd4 b5 16. Rfe1 Rfc8 17. h4 bxc4 18. bxc4 h5 19.
Re4 Rc7 20. Rae1 Rac8 21. Qb6 a5 22. Qxa5 Rxc4 23. Rxe7 Qf5 24. Qd2 Qf4 25.
Qxf4 Rxf4 26. g3 Rf5 27. a4 Rxd5 28. Re8+ Rxe8 29. Rxe8+ Kg7 30. Ra8 Rd3 31. a5
{1/2-1/2 (31) Karjakin,S (2766)-Mamedyarov,S (2757) Khanty-Mansiysk 2014})
10... Rc8 11. b3 d5 12. exd5 Nxd5 13. Nxd5 e6 14. Bh6 exd5 15. Bxg7 Kxg7 16. Nb5 dxc4 17. Nd6 Rd8 18. Nxb7 Qxd1 19. Rfxd1 Rxd1+ 20. Rxd1 cxb3 21. axb3 Nc6 22.
Rd7 a5 23. Rd6 $146 (23. Nd6
Ne5 24. Re7 Kf6 25. Rb7 a4 26. Ne4+ Kg7 27. bxa4 Rxa4 28. Kf2 Ra2+ 29. Kg3 {
1/2-1/2 (31) Edouard,R (2686)-Vachier Lagrave,M (2711) Al Ain 2012}) 23... Rc8 24. Rd7 {[%emt 0:01:49] “After two losses and a terrible
blunder, I thought the aggressive approach today might bring even further
disappointments. So a draw against the tournament leader is far from being
bothersome, it is good to run away from the unfortunate series I had and try
again tomorrow”- Anna said during the press conference.} Ra8 25. Rd6 Rc8 26. Rd7 Ra8 27. Rd6 Rc8 1/2-1/2

[Event "Khanty-Mansiysk FIDE GP (Women)"]
[Site "Khanty-Mansiysk"]
[Date "2014.04.16"]
[Round "7"]
[White "Hou, Yifan"]
[Black "Ushenina, Anna"]
[Result "1-0"]
[ECO "B52"]
[WhiteElo "2618"]
[BlackElo "2501"]
[Annotator "ChessBase Website"]
[PlyCount "95"]
[EventDate "2014.04.09"]
[EventType "tourn"]
[EventRounds "11"]
[EventCountry "RUS"]
[EventCategory "10"]
[SourceTitle "CBM 160"]
[Source "ChessBase"]
[SourceDate "2014.05.15"]
[SourceVersion "1"]
[SourceVersionDate "2014.05.15"]
[SourceQuality "1"]
[TimeControl "40/5400+30:1800+30"]
[WhiteClock "1:30:00"]
[BlackClock "1:30:00"]

1. e4 c5 2. Nf3 d6 3. Bb5+ Bd7 4. c4 Nf6 5. Nc3 g6 6. d4 cxd4 7. Nxd4 Bg7 8. Be3 (8. O-O O-O 9. Bxd7 Qxd7 10. b3 Nc6 11. Bb2 a6 12.
Nxc6 Qxc6 13. Nd5 Nxd5 14. exd5 Qc5 15. Bxg7 Kxg7 16. Re1 e5 17. dxe6 fxe6 18.
Qd2 Rf6 19. Rad1 Raf8 20. Re2 e5 21. a4 R8f7 22. h3 Qb6 23. Qc2 Qb4 24. f3 b5
25. cxb5 axb5 26. Re4 Qa5 27. Rd5 Qb6+ 28. Kh2 bxa4 29. bxa4 Rc7 30. Qd2 Rc6
31. a5 Qc7 32. Re2 Rf4 33. Rexe5 dxe5 34. Rd7+ Rf7 35. Rxc7 Rcxc7 36. Qd6 Rfe7
37. a6 Rcd7 {Adams,M (2752)-Areshchenko,A (2720) Warsaw 2013 1/2-1/2}) 8... Nc6 9. f3 O-O 10. O-O Nxd4 11. Bxd4 Bxb5 $146 (11... Be6 12. Nd5 {Munoz Pantoja,M (2457)-Kovchan,A (2577) Sitges op
39th 2013 (8) 1/2}) 12. cxb5 Qa5 13. Qd3 Qb4 14. Rfd1 Rfc8 15. a3 Qb3 16. Qe2 e6 17. Rd3 Qc4 18. Rad1 Ne8 19. Qd2 $14 Bxd4+ {[%emt 0:02:55] The rematch between the World Champion and the ex-World
Champion culminated and yet another victory for Hou Yifan. Their previous
encounter, in the European Club Cup, also favored the Chinese. This time Hou
Yifan stayed away from the main theoretical routes, but Ushenina got an
acceptable position. At some point though she miscalculated the transition to
the endgame and her opponent accurately calculated the consequences of the
rook endgame, which ended with Hou Yifan simply queening her pawns.} 20. Rxd4 Qc5 21. Kh1 Rc7 22. h3 Rac8 23. Qh6 Qe5 24. Qh4 Kg7 25. f4 Qf6 26. Qg3 Rc4 27.
R4d3 Qe7 28. Qe3 b6 29. a4 Qc7 30. e5 dxe5 31. Rd7 Qc5 32.
Qxc5 R8xc5 33. Rxa7 Nf6 34. Rd6 Ne4 35. Rxb6 Nxc3 36. bxc3 Rxf4 37. Rxe6 Rxc3 38. Rxe5 Rf1+ 39. Kh2 Rc2 40. b6 Rff2 41. Rg5 Kh6 42. h4 f6 43. b7 Rb2 44. Rb5 Rxg2+ 45. Kh3 Rh2+ 46. Kg3 Rbg2+ 47. Kf3 Rf2+ 48. Ke4 1-0

[Event "Tata Steel-B 80th"]
[Site "Wijk aan Zee"]
[Date "2018.01.26"]
[Round "11"]
[White "Vidit, Santosh Gujrathi"]
[Black "Korobov, Anton"]
[Result "1/2-1/2"]
[ECO "B52"]
[WhiteElo "2718"]
[BlackElo "2652"]
[Annotator "Fernandez,D"]
[PlyCount "61"]
[EventDate "2018.01.13"]
[EventType "tourn"]
[EventRounds "13"]
[EventCountry "NED"]
[EventCategory "15"]
[SourceTitle "CBM 183"]
[Source "ChessBase"]
[SourceDate "2018.03.14"]
[SourceVersion "1"]
[SourceVersionDate "2018.03.14"]
[SourceQuality "1"]
[TimeControl "40/6000+30:20/3000+30:900+30"]

1. e4 c5 2. Nf3 d6 3. Bb5+ Bd7 4. Bxd7+ Nxd7 {[%emt 0:00:12] Less popular than the queen recapture, though it is not
clear to me quite why.} 5. O-O Ngf6 (5... g6
{was the move I tried in one outing against one of the players currently in
Wijk:} 6. c3 Ngf6 7. Re1 Ne5 $6 {A typical idea, but White is not obliged to
take by any means! My opponent achieved an advantage but then lost it at some
later point:} 8. d4 cxd4 9. cxd4 Nxf3+ 10. Qxf3 Bg7 11. e5 dxe5 12. dxe5 Nd5
13. Rd1 e6 14. Nc3 O-O 15. Nxd5 exd5 16. Rxd5 Qb6 17. h4 $6 Rad8 $11 {Jones,
G-Fernandez,D London 2016}) 6. Qe2 (6. Re1 e6 7. c3 Be7 8. d4
O-O 9. Bg5 h6 10. Bxf6 Bxf6 11. Na3 cxd4 12. cxd4 Nb6 $11 {Vachier Lagrave,
M-Nakamura,H Palma de Mallorca 2017, failed to achieve anything much.}) 6...
Qc7 (6... Rc8 7. c3 e6 8. d4 cxd4 9. cxd4 d5 10. e5 Ne4 11.
Be3 Nb6 12. Ne1 f5 13. f3 Ng5 14. b3 Nf7 15. Nd3 Nd7 16. Nd2 Be7 17. Rac1 O-O
18. Rxc8 Qxc8 19. Rc1 Qb8 20. Nf4 Re8 21. g4 fxg4 22. fxg4 Bg5 23. Nd3 Bxe3+
24. Qxe3 Nd8 25. Nf4 Nc6 26. Nf3 Qd8 27. Rf1 Qe7 28. h4 Nf8 29. Rf2 Rc8 30. Kg2
{1/2-1/2 (30) Mamedov,R (2680)-Ivanchuk,V (2729) Kocaeli 2017}) 7. Rd1 (7. c3 {is main and we can only assume from his later play
that Black wanted} e6 8. d4 Be7 $11 {or similar, with a fairly solid position
and completion of development one move away for both sides.}) 7... e6 8. d4 (8. c4 $5 {was the logical way to implement a
'light square only' pawn structure. To avoid being slightly worse, Black has
to make a tough strategic call between ...e5 and ...Ne5.}) 8... cxd4 9. Nxd4 (9. Rxd4 $5 {merited consideration, still
trying to set up with c4, e.g.} Rc8 10. Na3 Be7 11. Rc4 Qb8 12. Rxc8+ Qxc8 13.
c4 $132) 9... Rc8 {[%emt 0:01:07] A nice point. Now White would really rather
not play Nc3, so his options are limited.} 10. Nb5 (10. b3 $5
{This leads to the setup White wanted, he just has to see that ...e5 is not
favourable.} a6 (10... e5 11. Nb5 Qxc2 12. Qxc2 Rxc2 13. N1a3 $14) 11. c4 Be7
12. Bb2 $11) 10... Qxc2 11. Qxc2 Rxc2 12. N1a3 Rc8 13. Nxa7 Rd8 14. N7b5 (14. f3 d5 $17)
14... Nxe4 15. f3 Nef6 16.
Nxd6+ Bxd6 17. Rxd6 Ke7 18. Rd4 Ne5 19. Be3 Nc6 (19... Nd5 {is a bit more ambitious; Black's
minor pieces are probably slightly better placed so he should think about
fighting for an advantage.}) 20. Rxd8 Rxd8 21. Bc5+ Kd7 22. Nc4 Nd5 23. a4 {[%emt 0:02:19] Whereas in this version, White' bishop
has become active so although Black may still be optically for choice, there
decidedly isn't an edge unless White messes up.} e5 24. a5 Ke6 (24... f6 {is more patient and keeps open
knight re-routings starting with ...Nc7, but should objectively also be
nothing.}) 25. a6 bxa6 26. Rxa6 Kd7 27. b4 {[%emt 0:07:20] A final simplifying
combination.} Ndxb4 28. Bxb4 Nxb4 29. Rd6+ Ke7 30. Rxd8 Kxd8 31. Nxe5 1/2-1/2

[Event "Belgrade RAD 30"]
[Site "Belgrade"]
[Date "1977.01.20"]
[Round "5.6"]
[White "Sax, Gyula"]
[Black "Weinstein, Norman"]
[Result "1/2-1/2"]
[ECO "B52"]
[WhiteElo "2565"]
[BlackElo "2475"]
[Annotator "Primel,D"]
[PlyCount "38"]
[EventDate "1977.01.15"]
[EventType "tourn"]
[EventRounds "13"]
[EventCountry "SRB"]
[EventCategory "9"]
[SourceTitle "EXT 2018"]
[Source "ChessBase"]
[SourceDate "2017.10.13"]
[SourceVersion "1"]
[SourceVersionDate "2017.10.13"]
[SourceQuality "1"]
[TimeControl "40/9000:16/5400:0"]

1. e4 c5 2. Nf3 d6 3. Bb5+ Bd7 4. Bxd7+ Qxd7 5. O-O Nf6 6. e5 (6. Re1) (6. Qe2)
6... dxe5 7. Nxe5 Qc8 (7... Qc7) 8. Qf3 e6 9. Nc3 Be7 10. d3 O-O 11. Bf4 Nbd7 (
11... Nfd7 $142 12. Qg3) 12. Nc4 Nb6 13. Nd6 Bxd6 14. Bxd6 Re8 15. a4 Nbd5 16.
Ne4 Rd8 17. Nxf6+ Nxf6 18. Be5 Ne8 19. Rfe1 (19. a5) 19... f6 1/2-1/2